 Dungeon Crawl Stone Soup version 0.20-a0-1000-g0e8f6bb (webtiles) character file.

231 Patate the Covert (level 5, -1/24 HPs)
             Began as a Spriggan Enchanter on Apr 12, 2017.
             Slain by an iguana (11 damage)
             ... on level 3 of the Dungeon.
             The game lasted 00:10:20 (5074 turns).

Patate the Covert (Spriggan Enchanter)              Turns: 5074, Time: 00:10:20

Health: -1/24      AC:  2    Str:  5    XL:     5   Next: 73%
Magic:  6/10       EV: 20    Int: 16    God:
Gold:   331        SH:  0    Dex: 17    Spells: 3/9 levels left

rFire    . . .     SeeInvis +   x - +1 dagger (venom)
rCold    . . .     Gourm    .   (shield restricted)
rNeg     . . .     Faith    .   b - +0 robe
rPois    .         Spirit   .   (helmet restricted)
rElec    .         Reflect  .   (no cloak)
rCorr    .         Harm     .   (gloves unavailable)
MR       .....                  (boots unavailable)
Stlth    ++++......             (no amulet)
Regen    0.1/turn               (no ring)
MPRegen  0.2/turn               (no ring)

@: very quick
A: unfitting armour, see invisible, herbivore 3, speed 3, slow metabolism 2
a: no special abilities


You were on level 3 of the Dungeon.
You were hungry.

You visited 1 branch of the dungeon, and saw 3 of its levels.

You collected 331 gold pieces.

Inventory:

Hand Weapons
 x - a +1 dagger of venom (weapon)
Armour
 b - a +0 robe (worn)
Jewellery
 i - an uncursed ring of fire {unknown}
 v - an uncursed ring of ice {unknown}
Wands
 t - a wand of iceblast (6/15)
Scrolls
 a - 2 scrolls of identify
 e - a scroll of enchant armour {unknown}
 j - 2 scrolls of fog
 n - 2 scrolls of recharging {unknown}
 o - 2 scrolls of magic mapping {unknown}
 q - a scroll of blinking {unknown}
 u - 4 scrolls of teleportation {unknown}
 w - a scroll of amnesia {unknown}
Potions
 h - a potion of berserk rage
 l - a potion of resistance
 m - 3 potions of lignification
 p - a potion of brilliance {unknown}
 r - a potion of might {unknown}
 s - a potion of haste {unknown}
Books
 c - a book of Maledictions

   Spells                             Type                      Level
   a - Corona                         Hexes                        1
   b - Ensorcelled Hibernation        Hexes/Ice                    2
   c - Confuse                        Hexes                        3
   d - Tukima's Dance                 Hexes                        3
   e - Dazzling Spray                 Conjuration/Hexes            3
Comestibles
 d - 2 bread rations
 g - 5 fruits
 k - a royal jelly


   Skills:
 - Level 1.1 Short Blades
 + Level 4.4 Dodging
 + Level 9.3 Stealth
 - Level 2.6 Spellcasting
 - Level 3.6 Hexes


You had 3 spell levels left.
You knew the following spells:

 Your Spells              Type           Power        Failure   Level  Hunger
a - Corona                Hex            ##.....      6%          1    #......
b - Ensorcelled Hibernat  Hex/Ice        #.....       17%         2    ##.....
c - Confuse               Hex            ##......     14%         3    ###....


Dungeon Overview and Level Annotations

Branches:
Dungeon (3/15)

Altars:
Gozag
Hepliaklqana


Innate Abilities, Weirdness & Mutations

You are very small and have problems with some larger weapons.
You are too small for most types of armour.
You have supernaturally acute eyesight. (SInv)
You are a herbivore.
You cover ground extremely quickly.
You need consume almost no food.


Message History

You can't go down here!
Casting: Ensorcelled Hibernation
Confirm with . or Enter, or press ? or * to list all spells.
Aiming: Ensorcelled Hibernation
Press: ? - help, Shift-Dir - straight line, f - iguana
Aim: an iguana (hasn't noticed you, chance to defeat MR: 48%)
The iguana hisses angrily.
The iguana resists with some effort.
The iguana bites you!
Ouch! That really hurt!
You barely miss the iguana. The iguana completely misses you.
Casting: Ensorcelled Hibernation
Confirm with . or Enter, or press ? or * to list all spells.
Aiming: Ensorcelled Hibernation
Press: ? - help, Shift-Dir - straight line, f/p - iguana
Aim: an iguana (chance to defeat MR: 48%)
The iguana resists with some effort.
The iguana completely misses you.
You hit the iguana but do no damage.
The iguana is poisoned.
The iguana bites you!
You die...

.#..>.# #≈§§≈≈≈###
#.# ....### #§≈≈§≈§#
#.# #...# ########
#.# ....##### #.#
#.# ........# #.#
#.# #†.####.# #.#
##.# ....# #.# #.#
#..# ..#.# #.#
#.####.## ###.# #.#
###.@.##.# #
#.###.#####...l....#
#
#.................##
#
####..........>..##
# #######....[..#
##......# #......#
########


You could see an iguana.

Vanquished Creatures
  An orc wizard (D:2)
  An orc priest (D:2)
  4 adders
  A gnoll (D:1)
  4 worms
  3 dart slugs
  4 leopard geckos
  11 orcs
  2 ball pythons
  10 bats
  3 giant cockroaches
  11 goblins
  8 hobgoblins
  7 jackals
  10 kobolds
  A quokka (D:2)
  7 frilled lizards
  5 rats
93 creatures vanquished.

Notes
Turn   | Place    | Note
-------+----------+-------------------------------------------
     0 | D:1      | Patate the Spriggan Enchanter began the quest for the Orb.
     0 | D:1      | Reached XP level 1. HP: 9/9 MP: 5/5
   173 | D:1      | Reached skill level 5 in Stealth
   479 | D:1      | Reached XP level 2. HP: 13/13 MP: 6/6
   488 | D:1      | Learned a level 2 spell: Ensorcelled Hibernation
   509 | D:1      | Reached skill level 6 in Stealth
   727 | D:1      | Reached XP level 3. HP: 11/16 MP: 1/8
  1454 | D:2      | Reached skill level 7 in Stealth
  1868 | D:2      | Reached XP level 4. HP: 19/21 MP: 9/9
  2376 | D:2      | Reached skill level 8 in Stealth
  3275 | D:2      | Reached skill level 9 in Stealth
  3275 | D:2      | Reached XP level 5. HP: 15/24 MP: 3/10
  4452 | D:3      | Learned a level 3 spell: Confuse
  4992 | D:3      | Found an opulent altar of Gozag.
  4992 | D:3      | Found a hazy altar of Hepliaklqana.
  5074 | D:3      | Slain by an iguana

Vault maps used:
D:1:      tarquinn_simple_flora_water_a, minmay_pentomino_u4
D:2:      first_bread
D:3:      minmay_wonky_spiral, gammafunk_temple_overflow_elements,
          kennysheep_generic_room_12

Skill      XL: |  1  2  3  4  5 |
---------------+----------------+-----
Stealth        | 5 6 7 9 |  9.3
Dodging        | 4 |  4.4
Short Blades   | |  1.1
Spellcasting   | |  2.6
Hexes          | |  3.6

Action                   |  1- 3 |  4- 6 || total
-------------------------+-------+-------++-------
Melee: Dagger            |   143 |   164 ||   307
 Cast: Ensorcelled Hiber |    17 |    36 ||    53
  Use: Scroll            |       |     4 ||     4
 Stab: Sleeping          |    19 |    26 ||    45
       Distracted        |       |     4 ||     4
  Eat: Fruit             |       |     5 ||     5
Armor: Robe              |    17 |    14 ||    31
Dodge: Dodged            |   120 |   164 ||   284
